 Dungeon Crawl Stone Soup version 0.17.0-15-g6d90897 (webtiles) character file.

103 xeno23 the Gusty (level 4, -4/24 HPs)
             Began as a Tengu Air Elementalist on Nov 10, 2015.
             Slain by an ogre
             ... wielding a +0 giant club
              (28 damage)
             ... on level 3 of the Dungeon.
             The game lasted 00:07:17 (1881 turns).

xeno23 the Gusty (Tengu Air Elementalist)           Turns: 1881, Time: 00:07:17

Health: -4/24      AC:  4    Str:  9    XL:     4   Next: 79%
Magic:  3/9        EV: 12    Int: 16    God:
Gold:   199        SH:  0    Dex: 14    Spells: 2 memorised, 5 levels left

rFire  . . .     SeeInvis +     y - +0 whip (venom)
rCold  . . .     Clarity  .     a - +0 robe
rNeg   . . .     SustAt   .     (no shield)
rPois  .         Gourm    .     (helmet restricted)
rElec  .         Spirit   .     (no cloak)
rCorr  .         Warding  .     h - +1 pair of gloves
rMut   .         Stasis   .     (boots unavailable)
MR     .....                    (no amulet)
Stlth  ++........               w - ring of flight
                                g - ring of see invisible

@: not resistant to hostile enchantments, unstealthy
A: beak, talons 3
a: Evoke Flight


You were on level 3 of the Dungeon.
You were not hungry.

You visited 1 branch of the dungeon, and saw 3 of its levels.

You collected 199 gold pieces.

Inventory:

Hand Weapons
 l - a +0 dagger of draining
 y - a +0 whip of venom (weapon)
Missiles
 n - 20 poisoned needles
Armour
 a - a +0 robe (worn)
 h - a +1 pair of gloves (worn)
Jewellery
 g - a ring of see invisible (left hand)
 w - a ring of flight (right hand)
Scrolls
 d - 2 scrolls of teleportation {unknown}
 p - a scroll of noise {unknown}
 q - 2 scrolls of identify {unknown}
 t - 2 scrolls of enchant armour {unknown}
 u - 2 scrolls of remove curse
 x - a scroll of magic mapping {unknown}
Potions
 e - 2 potions of agility {unknown}
 i - a potion of invisibility {unknown}
 j - a potion of cure mutation {unknown}
 k - 2 potions of brilliance {unknown}
 m - a potion of might {unknown}
 o - 2 potions of magic {unknown}
 s - a potion of heal wounds {unknown}
 v - a potion of curing {unknown}
Books
 b - a book of Air

   Spells                             Type                      Level
   a - Shock                          Conjuration/Air              1
   b - Swiftness                      Charms/Air                   2
   c - Repel Missiles                 Charms/Air                   2
   d - Static Discharge               Conjuration/Air              3
   e - Lightning Bolt                 Conjuration/Air              5
Comestibles
 c - 3 bread rations
 f - 3 meat rations
 r - 4 chunks of flesh


   Skills:
 - Level 2.3 Dodging
 - Level 2.0 Stealth
 + Level 3.2 Spellcasting
 + Level 2.6 Conjurations
 + Level 5.3 Air Magic


You had 5 spell levels left.
You knew the following spells:

 Your Spells              Type           Power        Failure   Level  Hunger
a - Shock                 Conj/Air       ###.         4%          1    None
q - Static Discharge      Conj/Air       ###.....     12%         3    ###....


Dungeon Overview and Level Annotations

Branches:
Dungeon (3/15)

Altars:
Fedhas


Innate Abilities, Weirdness & Mutations

You have a beak for a mouth.
You have claws for feet.


Message History

The ogre is moderately wounded.
Casting: Shock
Confirm with . or Enter, or press ? or * to list all spells.
Aiming: Shock
Press: ? - help, Shift-Dir - straight line, f/p - hobgoblin
Aim: a hobgoblin (severely wounded)
The zap hits the hobgoblin.
You kill the hobgoblin!
The zap hits the ogre.
The ogre is heavily wounded.
Casting: Shock
Confirm with . or Enter, or press ? or * to list all spells.
Aiming: Shock
Press: ? - help, Shift-Dir - straight line, f - ogre
Aim: an ogre, wielding a giant club (heavily wounded)
The zap hits the ogre.
The ogre is severely wounded.
The ogre hits you with a giant club!!
Ouch! That really hurt!
You die...

......# #..<
#####.###### #...
(............ #.. #>#
##......### #. ... #
#.# #.##.#.# #.##.# .#
... #......# #....##.#
#.# #..###.# #.......#
#.# ##..# .# #.##O####
#.# ....# . #@# #.#
#..)#
##.#####)########.#.###
#.))#
#................#...#
#)..#
##########.#########.#
....# #.# #.# #..## #.#
#.# #..# #.# #)# #..#
#.# #.# #..# #.# #.#


You could see an ogre.

Vanquished Creatures
  Robin (D:3)
  An ooze (D:2)
  An orc (D:3)
  2 giant cockroaches
  15 goblins
  15 hobgoblins
  9 jackals
  A ball python (D:3)
  11 bats
  3 giant newts (D:1)
  12 kobolds
  2 quokkas (D:2)
  6 rats
79 creatures vanquished.

Notes
Turn   | Place    | Note
--------------------------------------------------------------
     0 | D:1      | xeno23 the Tengu Air Elementalist began the quest for the Orb.
     0 | D:1      | Reached XP level 1. HP: 10/10 MP: 4/4
   138 | D:1      | Reached XP level 2. HP: 15/15 MP: 0/6
   535 | D:1      | Reached XP level 3. HP: 19/19 MP: 2/7
   675 | D:2      | Learned a level 3 spell: Static Discharge
   900 | D:2      | Found a blossoming altar of Fedhas.
  1387 | D:3      | Reached XP level 4. HP: 24/24 MP: 3/9
  1533 | D:3      | Reached skill level 5 in Air Magic
  1554 | D:3      | Noticed Robin
  1585 | D:3      | Killed Robin
  1875 | D:3      | Noticed an ogre
  1881 | D:3      | Slain by an ogre

Action                   |  1- 3 |  4- 6 || total
-------------------------+-------+-------++-------
Melee: Unarmed           |    10 |       ||    10
       Dagger            |    21 |    19 ||    40
       Whip              |       |     1 ||     1
 Cast: Shock             |    68 |    41 ||   109
  Use: Scroll            |     4 |       ||     4
 Stab: Sleeping          |     2 |       ||     2
  Eat: Chunk             |     2 |     2 ||     4
